 Dungeon Crawl Stone Soup version 0.29.1-15-g9cfb28693d (webtiles) character file.

Game seed: 7849998184474019517

1 gotrek the Grave Robber (level 1, -2/13 HPs)
             Began as a Demonspawn Necromancer on Apr 4, 2023.
             Killed from afar by a dart slug (4 damage)
             ... with a slug dart
             ... on level 1 of the Dungeon.
             The game lasted 00:04:11 (63 turns).

gotrek the Grave Robber (Demonspawn Necromancer)      Turns: 63, Time: 00:04:11

Health: -2/13      AC:  2    Str:  8    XL:     1   Next: 16%
Magic:  0/3        EV: 12    Int: 16    God:
Gold:   0          SH:  0    Dex: 13    Spells: 3/4 levels left

rFire   . . .      SeeInvis .   (no weapon)
rCold   . . .      Faith    .   (no shield)
rNeg    . . .      Spirit   .   a - +0 robe
rPois   .          Reflect  .   (no helmet)
rElec   .          Harm     .   (no cloak)
rCorr   .          Rampage  .   (no gloves)
Will    .....                   (no boots)
Stlth   ++........              (no amulet)
HPRegen 0.04/turn               (no ring)
MPRegen 0.08/turn               (no ring)

@: no status effects
A: no striking features
a: no special abilities


You were on level 1 of the Dungeon.
You visited 1 branch of the dungeon, and saw 1 of its levels.

Inventory:

Armour
 a - a +0 robe (worn)
Potions
 b - a potion of magic


   Skills:
 + Level 1.7 Dodging
 + Level 1.7 Stealth
 + Level 2.0 Spellcasting
 + Level 4.4 Necromancy


You had 3 spell levels left.
You knew the following spells:

 Your Spells              Type           Power      Damage    Failure   Level
a - Necrotise             Necr           60%        1d7       3%          1

Your spell library contained the following spells:

 Spells                   Type           Power      Damage    Failure   Level
 Vampiric Draining        Necr           15%        2d7       10%         3
 Animate Dead             Necr           15%        N/A       32%         4
 Agony                    Necr           15%        N/A       67%         5


Dungeon Overview and Level Annotations

Branches:
Dungeon (1/15)

Altars:


Message History

Really fire in your quokka skeleton's direction? [Y]es or [N]o only, please.
Really fire in your quokka skeleton's direction? [Y]es or [N]o only, please.
Really fire in your quokka skeleton's direction? [Y]es or [N]o only, please.
Really fire in your quokka skeleton's direction? [Y]es or [N]o only, please.
Really fire in your quokka skeleton's direction? [Y]es or [N]o only, please.
Really fire in your quokka skeleton's direction?
Okay, then.
The dart slug bites your quokka skeleton.
Your quokka skeleton bites the dart slug.
The dart slug bites your quokka skeleton.
Your quokka skeleton is destroyed!
Aiming: Necrotise (safe; 3% risk of failure)
Press: ? - help, Q - select action Shift-Dir - straight line, f - dart slug
Aim: a dart slug (moderately wounded, chance to affect: 85%)
The dart slug writhes in agony.
The dart slug bites you.
You don't have enough magic to cast this spell.
You don't have enough magic to cast this spell.
Sorry, you're not good enough to have a special ability.
You hit the dart slug but do no damage.
The dart slug is severely wounded.
Aiming: Necrotise (safe; 3% risk of failure)
Press: ? - help, Q - select action Shift-Dir - straight line, f/p - dart slug
Aim: a dart slug (severely wounded, chance to affect: 85%)
The dart slug writhes in agony.
The dart slug barely misses you. The dart slug launches a dart at you.
The slug dart hits you.
* * * LOW HITPOINT WARNING * * *
The dart slug launches a dart at you. The slug dart misses you.
You don't have enough magic to cast this spell.
The dart slug launches a dart at you. The slug dart hits you.
You die...

#. #.. #.##.#
.#...#
#.#..#######.
#.#..........
...#.##.#...#
#.......#.###
##.##.#...w.##
#.#####.@## ..#
###...## .#.#
#......###
....##..####...###
.. ..##.# ##....#
..# .##.. ##....##
#.. ##......# ....
###......?## .....
#....##....##


You could see a dart slug.

Vanquished Creatures
  A quokka (D:1)
1 creature vanquished.

Notes
Turn   | Place    | Note
-------+----------+-------------------------------------------
     0 | D:1      | gotrek the Demonspawn Necromancer began the quest for the
                  | Orb.
     0 | D:1      | Reached XP level 1. HP: 13/13 MP: 3/3
    63 | D:1      | Killed from afar by a dart slug

Illustrated notes

Levels and vault maps discovered:
D:1:      dpeg_arrival_arbitrary_b, layout_loops_ring,
          shapermc_ecumenical_altar_ellora, minmay_quantized

Action                   || total
-------------------------++-------
Melee: Unarmed           ||     2
 Cast: Necrotise         ||     5
Armor: Robe              ||     2
Dodge: Dodged            ||     5
